 Dungeon Crawl Stone Soup version 0.29.1-15-g9cfb28693d (webtiles) character file.

Game seed: 16329055789191801309

1951872 Sharkman1231 the Sensei (level 25, 235/235 HPs)
             Began as a Pale Draconian Ice Elementalist on Apr 14, 2023.
             Was a High Priest of Ashenzari.
             Escaped with the Orb
             ... and 3 runes on Apr 15, 2023!
             The game lasted 01:43:20 (50509 turns).

Sharkman1231 the Sensei (DrIE)                     Turns: 50509, Time: 01:43:20

Health: 235/235    AC: 24    Str: 12    XL:     25   Next: 85%
Magic:  41/41      EV: 29    Int: 18    God:    Ashenzari [*****.]
Gold:   3338       SH: 26    Dex: 17    Spells: 20/50 levels left

rFire   + + .      SeeInvis +     - Unarmed
rCold   + + .      Faith    .   T - +1 tower shield of the Revealing Fetters {rC+, Fort, Elem} (curse)
rNeg    . . .      Spirit   .   (body armour unavailable)
rPois   .          Reflect  .   u - +2 hat "Lashed Together" {SInv, Fort, Cun} (curse)
rElec   +          Harm     .   N - +2 cloak of the Enlightened Dismay {Elem, Self} (curse)
rCorr   .          Rampage  .   c - +2 pair of gloves of the Bound Skepticism {Elem, Comp} (curse)
Will    +++..      Clarity  +   V - +1 pair of boots of Supernal Understanding {rC+ Will++, Fort, Elem} (curse)
Stlth   ++........              x - amulet of the Wild Blue Yonder {Regen+, Melee, Cun} (curse)
HPRegen 1.29/turn               K - ring of the Octopus King {HP+2 MP+9 AC+2 EV+2 SH+2, Melee, Alch} (curse)
MPRegen 0.27/turn               D - ring of Ashenzari's Mysticism {rElec rF++ EV+4 Dex-3, Fort, Alch} (curse)

@: hasted, studying 2 skills, very quick
A: breathe steam, AC +12, unfitting armour, cold-blooded, steam resistance, low
MP 2, electricity resistance, subdued magic 1
0: Orb of Zot
}: 3/15 runes: serpentine, barnacled, silver
a: Breathe Steam, Renounce Religion, Curse Item, Shatter the Chains


You escaped.
You worshipped Ashenzari.
Ashenzari was extremely pleased with you.
You visited 9 branches of the dungeon, and saw 47 of its levels.
You visited the Abyss 1 time.
You visited 1 bazaar.
You also visited: Ossuary, Bailey, Gauntlet and Volcano.

You collected 6369 gold pieces.
You spent 3031 gold pieces at shops.

Inventory:

Missiles
 R - 7 throwing nets
Armour
 c - the cursed +2 pair of gloves of the Bound Skepticism (worn) {Elem, Comp}
   (You found it on level 1 of the Dungeon)

   It has a curse which improves the following skills: Elements: Fire Magic, Ice
   Magic, Air Magic and Earth Magic.
   Companions: Summonings and Necromancy.
 u - the cursed +2 hat "Lashed Together" (worn) {SInv, Fort, Cun}
   (You bought it in a shop on level 2 of the Orcish Mines)

   It has a curse which improves the following skills: Fortitude: Shields.
   Cunning:   Dodging and Stealth.
 N - the cursed +2 cloak of the Enlightened Dismay (worn) {Elem, Self}
   (You found it on level 8 of the Dungeon)

   It has a curse which improves the following skills: Elements: Fire Magic, Ice
   Magic, Air Magic and Earth Magic.
   Introspection: Fighting and Spellcasting.
 T - the cursed +1 tower shield of the Revealing Fetters (worn) {rC+, Fort, Elem}
   (You found it on level 4 of the Lair of Beasts)

   It has a curse which improves the following skills: Fortitude: Shields.
   Elements:  Fire Magic, Ice Magic, Air Magic and Earth Magic.
 V - the cursed +1 pair of boots of Supernal Understanding (worn) {rC+ Will++, Fort, Elem}
   (You found it in a Gauntlet)

   rC:        It protects you from cold.
   Will:      It greatly increases your willpower.
   It has a curse which improves the following skills: Fortitude: Shields.
   Elements:  Fire Magic, Ice Magic, Air Magic and Earth Magic.
Jewellery
 f - the ring "Xabutirch" {rN+ Will+}
   (You took it off a yaktaur on level 5 of the Vaults)

   [ring of positive energy]

   rN:        It protects you from negative energy.
   Will:      It increases your willpower.
 p - a ring of flight
 x - the cursed amulet of the Wild Blue Yonder (around neck) {Regen+, Melee, Cun}
   (You took it off an orc on level 4 of the Dungeon)

   [amulet of regeneration]

   Regen:     It increases your rate of health regeneration.
   It has a curse which improves the following skills: Melee Combat: Short
   Blades, Long Blades, Axes, Maces & Flails, Polearms, Staves and Unarmed
   Combat.
   Cunning:   Dodging and Stealth.
 D - the cursed ring of Ashenzari's Mysticism (right hand) {rElec rF++ EV+4 Dex-3, Fort, Alch}
   (You found it on level 3 of the Elven Halls)

   [ring of evasion]

   EV:        It affects your evasion (+4).
   Dex:       It affects your dexterity (-3).
   rF:        It greatly protects you from fire.
   rElec:     It insulates you from electricity.
   It has a curse which improves the following skills: Fortitude: Shields.
   Alchemy:   Poison Magic and Transmutations.
 F - the ring of Meozoque {rF+++ rC- rN+++ AC+4 Int-5}
   (You found it on level 3 of the Elven Halls)

   [ring of protection]

   AC:        It affects your AC (+4).
   Int:       It affects your intelligence (-5).
   rF:        It renders you almost immune to fire.
   rC:        It makes you vulnerable to cold.
   rN:        It renders you almost immune to negative energy.
 G - a ring of protection from cold
 K - a cursed ring of the Octopus King (left hand) {HP+2 MP+9 AC+2 EV+2 SH+2, Melee, Alch}
   (You found it on level 3 of the Lair of Beasts)

   [ring of magical power]

   AC:        It affects your AC (+2).
   EV:        It affects your evasion (+2).
   HP:        It affects your health (+2).
   MP:        It affects your magic capacity (+9).
   SH:        It affects your SH (+2).
   It has a curse which improves the following skills: Melee Combat: Short
   Blades, Long Blades, Axes, Maces & Flails, Polearms, Staves and Unarmed
   Combat.
   Alchemy:   Poison Magic and Transmutations.
 O - a ring of protection from cold
 Q - a +4 ring of protection
Wands
 v - a wand of polymorph (10)
 y - a wand of charming (24)
 A - a wand of flame (73)
 I - a wand of digging (5)
 M - a wand of light (48)
 P - a wand of mindburst (21)
 W - a wand of roots (18)
Scrolls
 g - 7 scrolls of vulnerability
 h - 13 scrolls of amnesia
 i - 3 scrolls of immolation
 k - 8 scrolls of fear
 l - a scroll of brand weapon
 m - 12 scrolls of teleportation
 s - 4 scrolls of summoning
 z - 6 scrolls of magic mapping
 C - 9 scrolls of blinking
 L - 5 scrolls of fog
 Y - 2 scrolls of enchant weapon
Potions
 a - 7 potions of magic
 d - 6 potions of haste
 e - 8 potions of attraction
 j - 13 potions of heal wounds
 n - 7 potions of resistance
 o - 3 potions of berserk rage
 q - 8 potions of flight
 r - 8 potions of ambrosia
 t - 9 potions of mutation
 w - 11 potions of lignification
 B - 25 potions of curing
 H - 9 potions of might
 J - 9 potions of brilliance
 U - 3 potions of invisibility
 Z - 2 potions of cancellation
Miscellaneous
 S - a phial of floods
 X - a box of beasts


   Skills:
 - Level 18.4(20.5) Fighting
 - Level 3.8(6.9) Short Blades
 - Level 15.0(18.4) Dodging
 - Level 7.0(10.5) Stealth
 - Level 17.0(22.3) Shields
 - Level 24.0(27) Unarmed Combat
 - Level 10.8(13.1) Spellcasting
 + Level 9.4 Hexes
 - Level 16.7(20.0) Transmutations
 - Level 10.3(15.8) Ice Magic
 + Level 11.2(16.6) Air Magic
 - Level 11.8(17.2) Earth Magic
 - Level 5.0 Evocations


You had 20 spell levels left.
You knew the following spells:

 Your Spells              Type           Power      Damage    Failure   Level
a - Freeze                Ice            100%       1d11      0%          1
b - Ozocubu's Armour      Ice            52%        N/A       1%          3
c - Frozen Ramparts       Ice            100%       1d16      1%          3
d - Blade Hands           Tmut           29%        N/A       1%          5
e - Statue Form           Tmut/Erth      38%        N/A       1%          6
f - Dragon Form           Tmut           29%        N/A       1%          7
g - Silence               Hex/Air        22%        N/A       1%          5

Your spell library contained the following spells:

 Spells                   Type           Power      Damage    Failure   Level
 Beastly Appendage        Tmut           100%       N/A       0%          1
 Wereblood                Tmut           59%        N/A       0%          2
 Swiftness                Air            53%        N/A       0%          3
 Shock                    Conj/Air       100%       1d9       1%          1
 Slow                     Hex            100%       N/A       1%          1
 Ensorcelled Hibernation  Hex/Ice        88%        N/A       1%          2
 Poisonous Vapours        Pois/Air       64%        N/A       1%          2
 Static Discharge         Conj/Air       32%        3-7/arc   1%          2
 Confusing Touch          Hex            35%        N/A       1%          3
 Ignite Poison            Fire/Tmut/Pois 28%        N/A       1%          3
 Mephitic Cloud           Conj/Pois/Air  24%        N/A       1%          3
 Spider Form              Tmut/Pois      37%        N/A       1%          3
 Tukima's Dance           Hex            35%        N/A       1%          3
 Airstrike                Air            26%        2d(4-20)  1%          4
 Cause Fear               Hex            17%        N/A       1%          4
 Ice Form                 Ice/Tmut       56%        N/A       1%          4
 Leda's Liquefaction      Hex/Erth       23%        N/A       1%          4
 Petrify                  Tmut/Erth      57%        N/A       1%          4
 Summon Lightning Spire   Summ/Air       32%        N/A       1%          4
 Lee's Rapid Deconstruct  Erth           27%        3d15*     1%          5
 Metabolic Englaciation   Hex/Ice        22%        N/A       1%          5
 Summon Guardian Golem    Hex/Summ       22%        N/A       2%          3
 Hailstorm                Conj/Ice       30%        3d8       2%          4
 Alistair's Intoxication  Tmut/Pois      24%        N/A       2%          5
 Dazzling Flash           Conj/Hex       44%        N/A       3%          3
 Portal Projectile        Hex/Tloc       44%        N/A       3%          3
 Irradiate                Conj/Tmut      18%        3d17      3%          5
 Storm Form               Tmut/Air       28%        N/A       3%          7
 Borgnjor's Vile Clutch   Necr/Erth      16%        N/A       5%          5
 Corpse Rot               Necr/Pois/Air  25%        N/A       7%          4
 Lightning Bolt           Conj/Air       16%        1d30      7%          5
 Magic Dart               Conj           36%        1d4       8%          1
 Call Imp                 Summ           9%         N/A       11%         2
 Sublimation of Blood     Necr           9%         N/A       11%         2
 Anguish                  Hex/Necr       11%        N/A       11%         4
 Searing Ray              Conj           18%        2d5       12%         2
 Fulminant Prism          Conj/Hex       11%        3d9       12%         4
 Eringya's Noxious Bog    Tmut/Pois      18%        N/A       19%         6
 Conjure Flame            Conj/Fire      10%        6-21      21%         3
 Call Canine Familiar     Summ           9%         N/A       22%         3
 Vampiric Draining        Necr           9%         2d6       22%         3
 Gell's Gravitas          Tloc           9%         N/A       24%         3
 Teleport Other           Tloc           9%         N/A       24%         3
 Summon Mana Viper        Hex/Summ       22%        N/A       30%         5
 Maxwell's Capacitive Co  Air            26%        ∞         50%         8
 Sticky Flame             Conj/Fire      10%        2d3       56%         4
 Animate Dead             Necr           9%         N/A       58%         4
 Dispel Undead            Necr           9%         3d8       58%         4
 Iskenderun's Mystic Bla  Conj/Tloc      9%         2d4       63%         4
 Passage of Golubria      Tloc           9%         N/A       63%         4
 Enfeeble                 Hex            17%        N/A       83%         7
 Summon Forest            Summ/Tloc      4%         N/A       92%         5
 Death Channel            Necr           4%         N/A       100%        6
 Dispersal                Tloc           4%         N/A       100%        6
 Starburst                Conj/Fire      5%         6d4       100%        6
 Summon Cactus Giant      Summ           4%         N/A       100%        6
 Haunt                    Necr/Summ      4%         N/A       100%        7
 Borgnjor's Revivificati  Necr           4%         N/A       100%        8
 Discord                  Hex            17%        N/A       100%        8
 Disjunction              Tloc           4%         N/A       100%        8
 Infestation              Necr           4%         N/A       100%        8
 Lehudib's Crystal Spear  Conj/Erth      16%        10d5      100%        8
 Chain Lightning          Conj/Air       16%        3d21      100%        9
 Dragon's Call            Summ           4%         N/A       100%        9
 Fire Storm               Conj/Fire      5%         8d1       100%        9
 Shatter                  Erth           27%        3d23*     100%        9


Dungeon Overview and Level Annotations

Branches:
Dungeon (15/15)            Temple (0/1) D:4            Lair (5/5) D:11
 Shoals (4/4) Lair:3        Snake (4/4) Lair:3        Slime (0/5) Lair:4
    Orc (2/2) D:9             Elf (3/3) Orc:2        Vaults (5/5) D:14
  Crypt (0/3) Vaults:3     Depths (4/4) D:15            Zot (5/5) Depths:4
Ossuary (visited)          Bailey (visited)         Volcano (visited)
Gauntlet (visited)

Altars:
Ashenzari
Dithmenos
Fedhas
Hepliaklqana
Kikubaaqudgha
Makhleb
Sif Muna
Uskayaw
Vehumet
Xom
Yredelemnul
Zin
The Shining One

Shops:
D:1 [   D:7 (   D:9 =   D:10 !   Orc:2 *!*[   Snake:4 =[   Vaults:4 (
Depths:1 ==:   Depths:2 [

Portals:
Hell: Depths:1


Innate Abilities, Weirdness & Mutations

You can breathe blasts of scalding, opaque steam.
Your pale cyan-grey scales are hard. (AC +12)
You cannot fit into any form of body armour.
You are cold-blooded and may be slowed by cold attacks.
You are immune to the effects of steam.
Your magical capacity is very low. (-20% MP)
You are resistant to electric shocks. (rElec)
Your spells are a little easier to cast, but a little less powerful.


Message History

The cursed +1 tower shield of the Revealing Fetters {rC+, Fort, Elem} unmelds from your body.
You feel perceptive.
You feel resistant to cold.
Unknown command.
Unknown command.
(D) Dungeon (T) Temple (L) Lair (A) Shoals (P) Snake Pit (M) Slime Pits (O) Orcish Mines (E) Elven Halls (V) Vaults (C) Crypt (U) Depths (H) Hell (Z) Zot
Where to? (Enter - D:4 @ (x,y), ? - help)
An Orb Guardian comes into view.
Unknown command.
There is an open door here.
There is a stone staircase leading up here.
You climb upwards.
There is a stone staircase leading down here.
There is a stone staircase leading up here.
You climb upwards.
There is a stone staircase leading down here.
You see here a quokka skeleton.
There is a stone staircase leading up here.
You climb upwards.
There is a stone staircase leading down here.
You sense a monster nearby.
Avon comes into view. It is armed with a vampiric touch.
You see here a +0 robe.
You see here a +0 robe.
You feel yourself speed up.
Aiming: Dig
Press: ? - help, Shift-Dir - straight line, f - you Please select a direction to dig.
This square is covered in magical glow.
The rock shatters into small pieces.
You see here a +0 war axe.
Aiming: Dig
Press: ? - help, Shift-Dir - straight line, f - you Please select a direction to dig.
This square is covered in magical glow.
The rock shatters into small pieces.
There is a staircase leading out of the dungeon here.
You have escaped!

####### ### ########
#.. ################
#.#
##.@.#############.#
##.....############.#
#.#8~.........>.....#
#.#≈≈≈#.###.#..)...##
#.#8≈8#.###.#.#......
#.#≈≈≈#.###.#.#......
#.#8~8#.# #.#.#......
##.....## #.#.####'#.
###.### #...# ##.#.


There were no monsters in sight!

Vanquished Creatures
  6 ancient liches
  2 dread liches
  Mara (Vaults:2)
  3 orbs of fire (Zot:5)
  Vashnia (Snake:2)
  Bai Suzhen (Vaults:2)
  4 Killer Klowns (Zot:5)
  Saint Roka (Elf:3)
  6 golden dragons
  Nikola (Vaults:1)
  2 bone dragons (Depths:4)
  the Enchantress (Depths:1)
  Zenata (Elf:1)
  A lich (Vaults:5)
  3 electric golems
  Jorgrun (Elf:2)
  A hellephant (D:12)
  A walking crystal tome (Depths:4)
  8 tentacled monstrosities
  22 Orb Guardians
  8 titans
  2 deep elf master archers (Elf:3)
  3 deep elf blademasters
  3 quicksilver dragons
  2 Executioners
  3 tentacled starspawn (Abyss:3)
  An eldritch tentacle (Snake:3)
  Frances (D:13)
  5 sphinxes
  3 tengu reavers
  5 death cobs
  Kirke (D:14)
  5 shadow dragons
  Agnes (D:14)
  Donald (Vaults:4)
  4 nagarajas
  8 storm dragons
  3 draconian knights
  Roxanne (D:14)
  Aizul (Snake:3)
  3 draconian monks
  8 fire giants
  A nargun (Abyss:3)
  5 orc warlords
  4 frost giants
  21 vault wardens
  3 deep elf sorcerers (Elf:3)
  A caustic shrike zombie (D:15)
  3 draconian scorchers
  2 draconian shifters
  An angel (Depths:3)
  5 deep elf elementalists
  21 very ugly things
  3 draconian stormcallers
  3 spriggan defenders (Depths:1)
  The ghost of kingofthe the Unseen, an adept SpEn of Dithmenos (Snake:4)
  A draconian annihilator (Zot:1)
  9 stone giants
  18 ironbound preservers
  2 vampire knights
  5 green draconians
  8 ironbound thunderhulks
  3 war gargoyles
  7 deep elf demonologists
  3 entropy weavers
  A minotaur (Gauntlet)
  3 black draconians
  10 yellow draconians
  3 deep elf annihilators
  4 spark wasps (Depths:4)
  7 red draconians
  A purple draconian (Zot:3)
  4 white draconians
  The ghost of Temi the Severer, a journeyman MiBe of Trog (D:11)
  10 dire elephants
  The ghost of mkat the Thrower, a journeyman DsCj of Ashenzari (Lair:4)
  An eidolon (Abyss:3)
  2 crystal guardians
  12 deep elf death magi
  6 merfolk javelineers
  Snorg (D:14)
  A fire dragon (Depths:2)
  13 ettins
  Josephine (D:11)
  18 yaktaur captains
  10 great orbs of eyes
  14 merfolk impalers
  3 deep elf high priests (Elf:3)
  2 salamander tyrants (Snake:4)
  4 peacekeepers
  Erolcha (D:9)
  4 ogre magi (Orc:2)
  3 ice dragons
  A spriggan air mage (Depths:1)
  36 vault guards
  5 boulder beetles
  11 hydras
  The ghost of Jase the Basher, a journeyman FoFi of Wu Jian (D:9)
  15 anacondas
  18 two-headed ogres
  10 naga warriors
  4 merfolk avatars
  A death knight (Vaults:3)
  13 ironbound frosthearts
  A two-headed ogre (shapeshifter) (Vaults:5)
  13 centaur warriors
  2 deep troll shamans (Depths:1)
  5 merfolk aquamancers
  3 satyrs
  2 death scarabs (Gauntlet)
  A death yak (Lair:4)
  5 tengu warriors
  30 dancing weapons
  2 vampire magi
  10 deep troll earth magi
  15 naga sharpshooters
  A storm dragon zombie (D:15)
  A shock serpent (shapeshifter) (Depths:1)
  18 spriggans
  19 deep elf knights
  An orc high priest (Elf:2)
  6 shock serpents
  A wretched star (Abyss:3)
  2 spriggan berserkers
  Nergalle (Lair:3)
  5 salamander mystics
  A death drake (Abyss:3)
  6 anaconda zombies (Snake:1)
  49 deep trolls
  A golden dragon zombie (D:15)
  4 spectral anacondas (Snake:1)
  An orb spider (shapeshifter) (Vaults:5)
  14 sea snakes
  3 iron trolls (Depths:1)
  6 skeletal warriors (D:15)
  8 wizards
  2 shadow demons
  12 deep elf archers
  An obsidian statue (Zot:5)
  7 anaconda skeletons (Snake:1)
  8 lindwurms
  15 orc knights
  5 naga ritualists
  A lindwurm (shapeshifter) (D:15)
  4 phantasmal warriors
  2 necromancers
  4 orc sorcerers
  14 ironbound convokers
  A wolf spider (shapeshifter) (Vaults:5)
  8 cyclopes
  2 oklob plants (Lair:5)
  A spectral centaur (D:9)
  20 deep elf zephyrmancers
  25 harpies
  A spectral boulder beetle (Gauntlet)
  7 mana vipers
  13 moths of wrath
  A cyclops (shapeshifter) (Vaults:4)
  34 ugly things
  25 deep elf pyromancers
  14 salamanders
  8 fauns
  A moth of wrath (shapeshifter) (Elf:1)
  13 manticores
  5 guardian serpents
  20 black mambas
  12 merfolk sirens
  Maurice (D:13)
  12 elephants
  3 smoke demons
  14 water nymphs
  16 naga magi
  19 vault sentinels
  A gargoyle (D:13)
  2 ice statues (Lair:4)
  A hellion (D:6)
  9 cane toads
  4 torpor snails
  3 unseen horrors
  7 rime drakes
  Psyche (D:11)
  A kobold demonologist (D:13)
  2 freezing wraiths (D:14)
  An efreet (D:13)
  An anaconda simulacrum (Snake:1)
  2 ice devils (Lair:4)
  6 komodo dragons
  45 yaktaurs
  15 starcursed masses (Abyss:3)
  A tormentor (D:9)
  2 tengu conjurers
  33 merfolk
  8 polar bears
  4 trolls
  7 hornets
  A tarantella (shapeshifter) (D:12)
  3 wind drakes (Shoals:4)
  23 blink frogs
  21 slime creatures
  30 dream sheep
  7 snapping turtles
  20 water elementals
  9 air elementals
  5 centaur simulacra
  3 wraiths (D:11)
  2 hogs (D:14)
  5 wyverns
  62 yaks
  3 fire elementals
  A human (D:14)
  3 basilisks
  A death yak simulacrum (Lair:4)
  A golden eye (shapeshifter) (Vaults:5)
  A chaos spawn (Abyss:3)
  A neqoxec (Depths:1)
  2 redbacks (Vaults:3)
  5 vampire mosquitoes
  A spectral cane toad (Gauntlet)
  3 steam dragons
  10 wargs
  40 nagas
  A glowing shapeshifter zombie (D:15)
  5 large abominations (Abyss:3)
  8 water moccasins
  2 hell hounds (Volcano)
  A floating eye (Lair:5)
  2 spectral torpor snails (Gauntlet)
  45 orc warriors
  A sky beast (shapeshifter) (Vaults:5)
  8 ice beasts
  A sky beast (D:8)
  6 black bears
  Pargi (D:3)
  33 ogres
  47 wolves
  4 boggarts (Lair:5)
  10 centaurs
  A phantom (D:6)
  2 elf zombies (Ossuary)
  5 kobold brigands
  11 bullfrogs
  2 earth elementals
  4 gnoll sergeants
  2 necrophages
  3 scorpions
  4 wights (D:9)
  10 killer bees
  A howler monkey (D:10)
  3 electric eels
  A small abomination (Abyss:3)
  A centaur zombie (Ossuary)
  3 human zombies (Ossuary)
  19 orc priests
  3 hounds
  A gnoll bouda (D:5)
  A jelly (D:4)
  An iguana (D:4)
  28 orc wizards
  A troll simulacrum (Lair:4)
  A spriggan simulacrum (Lair:4)
  2 wolf simulacra (Lair:4)
  4 hound zombies (Ossuary)
  A boggart simulacrum (D:9)
  3 mummies (Ossuary)
  20 gnolls
  9 adders
  2 shadow imps (Gauntlet)
  6 white imps
  An ufetubus (Abyss:3)
  2 adder zombies (Ossuary)
  A dart slug (D:4)
  100 orcs
  5 ball pythons
  6 bats
  3 bat zombies (D:14)
  2 endoplasms
  2 giant cockroaches
  A gnoll zombie (Ossuary)
  4 goblins
  7 hobgoblins
  30 kobolds
  3 quokkas
  5 frilled lizards
  4 goblin zombies (Ossuary)
  2 hobgoblin zombies (Ossuary)
  3 jackal zombies (Ossuary)
  3 kobold zombies (Ossuary)
  2 orc zombies (Ossuary)
  2 quokka zombies (Ossuary)
  2 rats
  8 rat zombies
  4 plants
  A starspawn tentacle (Abyss:3)
2065 creatures vanquished.

Vanquished Creatures (collateral kills)
  A nagaraja (Snake:4)
  A yaktaur captain (Vaults:2)
  A salamander tyrant (Snake:4)
  A naga ritualist (Snake:4)
  A vault sentinel (Vaults:2)
  A naga (Snake:4)
6 creatures vanquished.

Vanquished Creatures (others)
  A sphinx (Vaults:5)
  A deep elf elementalist (Elf:3)
  A rakshasa (Depths:1)
  A two-headed ogre (D:11)
  A death yak (Lair:4)
  A wizard (Vaults:4)
  A deep elf pyromancer (Elf:1)
  An orc warrior (Elf:2)
  A hound (D:11)
  An orc wizard (D:9)
  2 orcs
  A bush (Lair:5)
  A butterfly (Abyss:3)
  A fire vortex (D:15)
  19 fungi
  78 plants
  13 starspawn tentacles (Abyss:3)
  10 withered plants (D:15)
135 creatures vanquished.

Grand Total: 2206 creatures vanquished

Notes
Turn   | Place    | Note
-------+----------+-------------------------------------------
     0 | D:1      | Sharkman1231 the Draconian Ice Elementalist began the quest
                  | for the Orb.
     0 | D:1      | Reached XP level 1. HP: 14/14 MP: 3/3
    84 | D:1      | Found Qioddaum's Antique Armour Shop.
   299 | D:1      | Reached XP level 2. HP: 9/20 MP: 0/5
  1569 | D:2      | Reached skill level 1 in Unarmed Combat
  1569 | D:2      | Reached XP level 3. HP: 26/26 MP: 6/6
  1867 | D:2      | Found a faded altar of an unknown god.
  2096 | D:2      | Reached XP level 4. HP: 33/33 MP: 3/7
  2412 | D:3      | Found a broken altar of Ashenzari.
  2451 | D:3      | Became a worshipper of Ashenzari the Shackled
  2510 | D:3      | Noticed Pargi
  2568 | D:3      | Killed Pargi
  2569 | D:3      | Reached skill level 2 in Unarmed Combat
  2569 | D:3      | Reached skill level 5 in Ice Magic
  2569 | D:3      | Reached XP level 5. HP: 21/38 MP: 0/8
  3427 | D:4      | Learned a level 3 spell: Ozocubu's Armour
  3431 | D:4      | Learned a level 3 spell: Frozen Ramparts
  3441 | D:4      | Found a staircase to the Ecumenical Temple.
  3609 | D:4      | Reached XP level 6. HP: 41/45 MP: 7/9
  4195 | D:4      | Found a radiant altar of Vehumet.
  4199 | D:4      | Found a shadowy altar of Dithmenos.
  4202 | D:4      | Found a basalt altar of Yredelemnul.
  4202 | D:4      | Found a hazy altar of Hepliaklqana.
  4209 | D:4      | Found an ancient bone altar of Kikubaaqudgha.
  4348 | D:5      | Entered Level 5 of the Dungeon
  4352 | D:5      | Reached * piety under Ashenzari
  4414 | D:5      | Reached skill level 3 in Unarmed Combat
  4611 | D:5      | Your scales start taking on a pale cyan-grey colour.
  4611 | D:5      | Reached XP level 7. HP: 50/50 MP: 10/10
  4611 | D:5      | Gained mutation: You are immune to the effects of steam.
                  | [Pale Draconian growth]
  5274 | D:6      | Reached skill level 4 in Unarmed Combat
  5349 | D:6      | Reached XP level 8. HP: 57/57 MP: 11/11
  6201 | D:7      | Found a sand-covered staircase.
  6219 | D:7      | Reached ** piety under Ashenzari
  6237 | Ossuary  | Entered an ossuary
  6321 | Ossuary  | Reached skill level 1 in Short Blades
  6600 | Ossuary  | Reached skill level 5 in Dodging
  6642 | Ossuary  | Reached skill level 5 in Unarmed Combat
  6727 | D:7      | Found Asorixeo's Weapon Emporium.
  6980 | D:7      | Reached XP level 9. HP: 27/62 MP: 12/12
  7544 | D:8      | Reached skill level 6 in Unarmed Combat
  7546 | D:8      | Reached skill level 10 in Ice Magic
  7682 | D:8      | Reached skill level 1 in Fighting
  7708 | D:8      | Reached XP level 10. HP: 58/73 MP: 3/13
  7855 | D:8      | Reached skill level 7 in Unarmed Combat
  7911 | D:8      | Found a flagged portal.
  7920 | Bailey   | Entered a bailey
  8199 | Bailey   | Reached skill level 12 in Unarmed Combat
  8199 | Bailey   | Reached XP level 11. HP: 82/82 MP: 14/14
  8201 | Bailey   | Noticed an orc knight
  8263 | Bailey   | Killed an orc knight
  9267 | D:9      | Found a staircase to the Orcish Mines.
  9372 | D:9      | Reached skill level 5 in Fighting
  9637 | D:9      | Found Dof Xitz's Jewellery Boutique.
  9880 | D:9      | Found a hide-covered altar of Uskayaw.
  9957 | D:9      | Noticed Erolcha
  9980 | D:9      | Killed Erolcha
 10225 | D:9      | Found a runed translucent gate.
 10225 | D:9      | Found a runed translucent gate.
 10225 | D:9      | Found a runed translucent gate.
 10230 | D:9      | Noticed Jase's ghost (journeyman FoFi)
 10267 | D:10     | Entered Level 10 of the Dungeon
 10267 | D:10     | Found Guirahul's Distillery.
 10274 | D:10     | Bought a potion of heal wounds for 85 gold pieces
 10274 | D:10     | Bought a potion of resistance for 170 gold pieces
 10274 | D:10     | Bought a potion of lignification for 51 gold pieces
 10274 | D:10     | Bought a potion of curing for 51 gold pieces
 10274 | D:10     | Bought 2 potions of curing for 102 gold pieces
 10284 | D:10     | Noticed a two-headed ogre
 10293 | D:10     | Killed a two-headed ogre
 10294 | D:10     | Reached skill level 13 in Unarmed Combat
 10294 | D:10     | Reached XP level 12. HP: 97/97 MP: 8/15
 10315 | D:10     | Noticed a two-headed ogre
 10325 | D:10     | Killed a two-headed ogre
 10521 | D:10     | Identified the +1 robe of the Hart {rPois}
 10965 | D:10     | Noticed a centaur warrior
 10965 | D:10     | Noticed a boulder beetle
 10973 | D:10     | Killed a centaur warrior
 10974 | D:10     | Reached skill level 1 in Evocations
 11057 | D:10     | Reached skill level 1 in Shields
 11059 | D:10     | Killed a boulder beetle
 11061 | D:10     | Noticed a boulder beetle
 11065 | D:10     | Identified the +2 arbalest "Bupsim" {penet, rF- Dex+4
                  | Stlth+}
 11065 | D:10     | Noticed a centaur warrior
 11076 | D:10     | Killed a boulder beetle
 11087 | D:10     | Killed a centaur warrior
 11534 | D:11     | Noticed Josephine
 11546 | D:11     | Killed Josephine
 11680 | D:11     | Found a staircase to the Lair.
 11709 | D:11     | Noticed a four-headed hydra
 11710 | D:11     | Noticed a two-headed ogre
 11723 | D:11     | Noticed Psyche
 11759 | D:11     | Killed a four-headed hydra
 11775 | D:11     | Learned a level 5 spell: Blade Hands
 11816 | D:11     | Killed Psyche
 12055 | D:11     | Found a runed translucent door.
 12059 | D:11     | Identified the +4 spear "Sicisyph" {flame, *Rage rPois
                  | Str+4 Int+8}
 12064 | D:11     | Noticed Temi's ghost (journeyman MiBe)
 12066 | D:11     | Reached *** piety under Ashenzari
 12253 | D:12     | Found a gate leading to a gauntlet.
 12286 | Gauntlet | Entered a Gauntlet
 12286 | Gauntlet | Found a transporter.
 12300 | Gauntlet | Found a transporter.
 12310 | Gauntlet | Found a transporter.
 12313 | Gauntlet | Noticed a death scarab
 12315 | Gauntlet | Found a transporter.
 12318 | Gauntlet | Noticed a catoblepas
 12330 | Gauntlet | Found a transporter.
 12347 | Gauntlet | Noticed a death scarab
 12348 | Gauntlet | Identified the +1 pair of boots "Bihoh" {rC+ Will++}
 12349 | Gauntlet | Found a transporter.
 12361 | Gauntlet | Found a transporter.
 12373 | Gauntlet | Found a transporter.
 12374 | Gauntlet | Identified the +1 pair of boots "Modimi" {Will+}
 12382 | Gauntlet | Noticed a catoblepas
 12385 | Gauntlet | Found a transporter.
 12387 | Gauntlet | Noticed a dire elephant
 12391 | Gauntlet | Found a transporter.
 12391 | Gauntlet | Found a transporter.
 12391 | Gauntlet | Noticed a storm dragon
 12394 | Gauntlet | Noticed a ghost moth
 12394 | Gauntlet | a storm dragon changed into a ghost moth
 12398 | Gauntlet | Noticed a death yak
 12398 | Gauntlet | a ghost moth changed into a death yak
 12405 | Gauntlet | Identified the ring of Dishonour {Fly Int+3 SInv}
 12406 | Gauntlet | Found a transporter.
 12407 | Gauntlet | Noticed a blizzard demon
 12423 | Gauntlet | Found a transporter.
 12462 | Gauntlet | Found a transporter.
 12463 | Gauntlet | Identified the +3 chain mail "Jygguch" {Rampage Int+2}
 12489 | Gauntlet | Found a transporter.
 12489 | Gauntlet | Found the +2 cloak of the Thief {*Fog Slay-2 SInv Stlth+}
 12509 | Gauntlet | Found a transporter.
 12587 | Gauntlet | Found a transporter.
 12611 | Gauntlet | Found a transporter.
 12741 | Gauntlet | Reached skill level 1 in Transmutations
 12741 | Gauntlet | Reached XP level 13. HP: 64/108 MP: 18/18
 12891 | Gauntlet | Identified the cursed +1 hat of the Omniscient Regret
                  | {Alch, Fort} (You found it on level 3 of the Dungeon)
 12891 | Gauntlet | Identified the cursed +2 pair of gloves of the Bound
                  | Skepticism {Elem, Comp} (You found it on level 1 of the
                  | Dungeon)
 12970 | Gauntlet | Noticed a minotaur
 12970 | Gauntlet | Identified the Disquisition on Shadowy Feathers
 12995 | Gauntlet | Killed a minotaur
 13791 | D:12     | Reached skill level 5 in Evocations
 13978 | D:12     | Noticed Nessos
 13981 | D:12     | Noticed Nessos
 13981 | D:12     | Nessos changed into Nessos the cyclops
 13990 | D:12     | Killed Nessos the cyclops
 13992 | D:12     | Reached **** piety under Ashenzari
 14365 | D:13     | Noticed Frances
 14385 | D:13     | Killed Frances
 14404 | D:13     | Reached skill level 5 in Transmutations
 14454 | D:13     | Reached skill level 5 in Spellcasting
 14467 | D:13     | Reached skill level 5 in Shields
 14476 | D:13     | Noticed Maurice
 14485 | D:13     | Killed Maurice
 14546 | D:13     | Noticed Sonja
 14581 | D:13     | Noticed Sonja
 14581 | D:13     | Sonja changed into Sonja the warg
 14585 | D:13     | Killed Sonja the warg
 14764 | D:13     | Found a burning altar of Makhleb.
 15056 | D:14     | Noticed Kirke
 15083 | D:14     | Killed Kirke
 15119 | D:14     | Identified the Compilation of Ensorcelling
 15205 | D:14     | Reached skill level 10 in Fighting
 15341 | D:14     | Found a gate to the Vaults.
 15356 | D:14     | Reached XP level 14. HP: 121/121 MP: 15/21
 15411 | D:14     | Noticed Roxanne
 15571 | D:14     | Noticed Snorg
 15589 | D:14     | Killed Snorg
 15597 | D:14     | Identified the cursed +0 kite shield of Desmomancy {Cun,
                  | Elem} (You took it off a gnoll sergeant on level 10 of the
                  | Dungeon)
 15912 | D:14     | Found an ancient bone altar of Kikubaaqudgha.
 16024 | D:14     | Noticed Agnes
 16040 | D:14     | Killed Agnes
 16091 | D:14     | Killed Roxanne
 16105 | D:14     | Learned a level 6 spell: Statue Form
 16181 | D:15     | Entered Level 15 of the Dungeon
 16285 | D:15     | Reached skill level 1 in Earth Magic
 16861 | D:15     | Found a staircase to the Depths.
 17028 | D:15     | Reached skill level 5 in Earth Magic
 17187 | D:15     | Reached skill level 10 in Transmutations
 17357 | D:15     | Reached ***** piety under Ashenzari
 17689 | Lair:1   | Entered Level 1 of the Lair of Beasts
 18752 | Lair:2   | Reached XP level 15. HP: 133/133 MP: 25/25
 18979 | Lair:2   | Found the +4 skin of Zhor {*Englaciate rC+++ SInv}
 19338 | Lair:3   | Found the ring of the Octopus King {HP+2 MP+9 AC+2 EV+2
                  | SH+2}
 19338 | Lair:3   | Found the ring of the Octopus King {HP+2 MP+9 AC+2 EV+2
                  | SH+2}
 19344 | Lair:3   | Found a staircase to the Snake Pit.
 19510 | Lair:3   | Noticed Nergalle
 19520 | Lair:3   | Killed Nergalle
 20299 | Lair:3   | Found a staircase to the Shoals.
 20572 | Lair:5   | Entered Level 5 of the Lair of Beasts
 20771 | Lair:5   | Identified the +9 hand axe "Death Rattle" {speed, rPois
                  | Str+4 SInv}
 20984 | Lair:5   | Reached skill level 10 in Earth Magic
 21216 | Lair:4   | Found a shimmering altar of Xom.
 21216 | Lair:4   | Noticed mkat's ghost (journeyman DsCj)
 21240 | Lair:4   | Found a runed translucent door.
 21861 | Lair:4   | Found a staircase to the Slime Pits.
 22082 | Lair:4   | Killed mkat's ghost
 22161 | Lair:5   | Reached XP level 16. HP: 139/139 MP: 26/26
 22976 | Orc:1    | Entered Level 1 of the Orcish Mines
 23183 | Orc:2    | Entered Level 2 of the Orcish Mines
 23200 | Orc:2    | Paralysed by an orc sorcerer for 4 turns
 23241 | Orc:2    | Found a staircase to the Elven Halls.
 23301 | Orc:2    | Found a dark tunnel.
 23338 | Volcano  | Entered a volcano
 23465 | Volcano  | Learned a level 7 spell: Dragon Form
 23770 | Orc:2    | Found a shimmering blue altar of Sif Muna.
 24073 | Orc:2    | Identified the cursed +2 cloak of the Enlightened Dismay
                  | {Elem, Self} (You found it on level 8 of the Dungeon)
 24093 | Orc:2    | Found Caguxamm's Antique Armour Boutique.
 24093 | Orc:2    | Found Foluir's Assorted Antiques.
 24096 | Orc:2    | Found Fuydd's Distillery.
 24096 | Orc:2    | Found Puvvupp's General Store.
 24199 | Orc:2    | Bought a glowing hat for 189 gold pieces
 24199 | Orc:2    | Bought a scroll of teleportation for 81 gold pieces
 24199 | Orc:2    | Bought a potion of berserk rage for 135 gold pieces
 24199 | Orc:2    | Bought a wand of digging (5) for 567 gold pieces
 24199 | Orc:2    | Bought a wand of digging (1) for 113 gold pieces
 24199 | Orc:2    | Bought a wand of charming (2) for 129 gold pieces
 24200 | Orc:2    | Bought a potion of heal wounds for 70 gold pieces
 24200 | Orc:2    | Bought a scroll of teleportation for 42 gold pieces
 24201 | Orc:2    | Bought a potion of magic for 136 gold pieces
 24201 | Orc:2    | Bought a potion of haste for 170 gold pieces
 24201 | Orc:2    | Bought a potion of resistance for 170 gold pieces
 24201 | Orc:2    | Bought a potion of curing for 51 gold pieces
 24764 | Snake:1  | Entered Level 1 of the Snake Pit
 25661 | Snake:2  | Noticed Vashnia
 25697 | Snake:2  | Killed Vashnia
 25698 | Snake:2  | Reached XP level 17. HP: 140/140 MP: 29/29
 25747 | Snake:2  | Reached skill level 10 in Shields
 25747 | Snake:2  | Reached skill level 15 in Transmutations
 26522 | Snake:3  | Noticed Aizul
 26536 | Snake:3  | Killed Aizul
 26794 | Snake:3  | Reached skill level 14 in Unarmed Combat
 27583 | Snake:4  | Entered Level 4 of the Snake Pit
 27606 | Snake:4  | Found a shimmering blue altar of Sif Muna.
 27626 | Snake:4  | Noticed kingofthe's ghost (adept SpEn)
 27636 | Snake:4  | Found a runed translucent door.
 27662 | Snake:4  | Killed kingofthe's ghost
 28064 | Snake:4  | Found Tohe's Jewellery Shoppe.
 28068 | Snake:4  | Found Lipopnud's Antique Armour Shoppe.
 28076 | Snake:4  | Bought a runed cloak for 180 gold pieces
 28739 | Snake:4  | Reached skill level 15 in Unarmed Combat
 28857 | Snake:4  | Reached XP level 18. HP: 88/154 MP: 33/33
 29033 | Snake:4  | Got a serpentine rune of Zot
 29346 | Shoals:1 | Entered Level 1 of the Shoals
 30423 | Shoals:2 | Reached skill level 16 in Unarmed Combat
 31390 | Shoals:4 | Entered Level 4 of the Shoals
 31390 | Shoals:4 | Found a blossoming altar of Fedhas.
 31404 | Shoals:4 | Paralysed by an air elemental for 1 turns
 31456 | Shoals:4 | Paralysed by an air elemental for 1 turns
 31936 | Shoals:4 | Identified the +1 kite shield "Leroplu" {MP+9 Dex+3}
 31942 | Shoals:4 | Reached skill level 15 in Shields
 31962 | Shoals:4 | Reached skill level 17 in Unarmed Combat
 32027 | Shoals:4 | Paralysed by an air elemental for 1 turns
 32032 | Shoals:4 | Paralysed by an air elemental for 1 turns
 32107 | Shoals:4 | Got a barnacled rune of Zot
 32289 | Shoals:4 | Reached XP level 19. HP: 72/154 MP: 31/31
 33009 | D:9      | Killed Jase's ghost
 33083 | D:11     | Killed Temi's ghost
 33192 | Elf:1    | Entered Level 1 of the Elven Halls
 33435 | Elf:1    | Paralysed by an air elemental for 1 turns
 33441 | Elf:1    | Paralysed by an air elemental for 1 turns
 33531 | Elf:1    | Noticed Zenata
 33608 | Elf:1    | Gained mutation: Your mind is acute. (Int +4, Str/Dex -1)
                  | [mutagenic glow]
 33653 | Elf:1    | Killed Zenata
 33654 | Elf:1    | Reached skill level 18 in Unarmed Combat
 34482 | Elf:2    | Paralysed by an air elemental for 1 turns
 34489 | Elf:2    | Paralysed by an air elemental for 1 turns
 34649 | Elf:2    | Paralysed by an air elemental for 1 turns
 34680 | Elf:2    | Paralysed by an air elemental for 1 turns
 34684 | Elf:2    | Paralysed by an air elemental for 1 turns
 34684 | Elf:2    | Noticed Jorgrun
 34707 | Elf:2    | Killed Jorgrun
 35129 | Elf:2    | Found a runed translucent gate.
 35130 | Elf:2    | Found a runed translucent gate.
 35130 | Elf:2    | Found a runed translucent gate.
 35600 | Elf:2    | Reached skill level 19 in Unarmed Combat
 35903 | Elf:3    | Entered Level 3 of the Elven Halls
 35903 | Elf:3    | Noticed Saint Roka
 36659 | Elf:3    | Killed Saint Roka
 36660 | Elf:3    | Reached XP level 20. HP: 162/162 MP: 32/32
 36881 | Elf:3    | Identified the +9 flail "Jieb" {protect, rPois}
 36895 | Abyss:3  | Cast into level 3 of the Abyss (a deep elf demonologist)
 37100 | Abyss:3  | Reached skill level 5 in Stealth
 37212 | Elf:3    | Escaped the Abyss
 37220 | Elf:3    | Identified the +6 whip of the Thirsty Lovers {flame, rPois
                  | Will- Str+6}
 37331 | Elf:3    | Identified the +9 glaive of the Verdant God {vorpal, rPois
                  | rF+ MP+9 Int+4}
 37335 | Elf:3    | Identified the amulet of Yje Juil {Acrobat Drain rN++
                  | Dex+5}
 37360 | Elf:3    | Identified the +8 arbalest of Mofomur {freeze, rPois rC-
                  | rCorr}
 37360 | Elf:3    | Identified the ring "Penodi" {rElec rF++ EV+4 Dex-3}
 37360 | Elf:3    | Identified Eghustic's Tractate on Black Arts and Graupel
 37361 | Elf:3    | Identified the ring of Meozoque {rF+++ rC- rN+++ AC+4
                  | Int-5}
 37379 | Elf:3    | Identified Sif Muna's Precepts of Bewitching Terra Firma
 37383 | Elf:3    | Identified the Reference Book on Blasphemous Rites and
                  | Accompaniment
 37383 | Elf:3    | Identified the +4 ring mail of Death Resistance {Int+3
                  | Slay+2}
 37403 | Elf:3    | Identified Huagyts's Lectures on Captivating Venin
 37688 | Elf:1    | Paralysed by an air elemental for 1 turns
 37699 | Elf:1    | Paralysed by an air elemental for 1 turns
 37701 | Elf:1    | Paralysed by an air elemental for 1 turns
 37706 | Elf:1    | Paralysed by an air elemental for 1 turns
 37895 | Vaults:1 | Entered Level 1 of the Vaults
 38541 | Vaults:1 | Noticed Nikola
 38553 | Vaults:1 | Killed Nikola
 38554 | Vaults:1 | Reached skill level 10 in Dodging
 38921 | Vaults:1 | Reached skill level 20 in Unarmed Combat
 39275 | Vaults:2 | Noticed Mara
 39286 | Vaults:2 | Noticed Sharkman1231's illusion
 39291 | Vaults:2 | Gained mutation: Your magical capacity is low. (-10% MP)
                  | [mutagenic glow]
 39296 | Vaults:2 | Gained mutation: Your magical capacity is very low. (-20%
                  | MP) [mutagenic glow]
 39392 | Vaults:2 | Reached XP level 21. HP: 175/178 MP: 26/26
 39404 | Vaults:2 | Noticed Sharkman1231's illusion
 39425 | Vaults:2 | Noticed Bai Suzhen
 39449 | Vaults:2 | Killed Bai Suzhen
 39585 | Vaults:2 | Found a flickering gateway to a bazaar.
 39596 | Bazaar   | Entered a bazaar
 39596 | Bazaar   | Found Naha's Weapon Shop.
 39596 | Bazaar   | Found Bihodurr's Distillery.
 39663 | Bazaar   | Bought 2 potions of curing for 66 gold pieces
 39663 | Bazaar   | Bought a potion of flight for 33 gold pieces
 39663 | Bazaar   | Bought a potion of haste for 110 gold pieces
 39663 | Bazaar   | Bought a potion of mutation for 88 gold pieces
 39663 | Bazaar   | Bought a potion of mutation for 88 gold pieces
 39663 | Bazaar   | Bought a potion of ambrosia for 88 gold pieces
 39663 | Bazaar   | Bought 2 potions of lignification for 66 gold pieces
 40129 | Vaults:2 | Noticed Sharkman1231's illusion
 40138 | Vaults:2 | Killed Mara
 40956 | Vaults:2 | Reached skill level 15 in Fighting
 40956 | Vaults:2 | Reached XP level 22. HP: 196/196 MP: 29/29
 41124 | Vaults:2 | Identified the cursed +1 tower shield of the Revealing
                  | Fetters {rC+, Fort, Elem} (You found it on level 4 of the
                  | Lair of Beasts)
 42323 | Vaults:3 | Reached skill level 21 in Unarmed Combat
 42380 | Vaults:3 | Found a staircase to the Crypt.
 42956 | Vaults:4 | Reached skill level 10 in Spellcasting
 42979 | Vaults:4 | Reached XP level 23. HP: 201/201 MP: 29/29
 43037 | Vaults:4 | Paralysed by a great orb of eyes for 2 turns
 43042 | Vaults:4 | Noticed Donald
 43069 | Vaults:4 | Killed Donald
 43294 | Vaults:4 | Found Zenexz Leli's Antique Weapon Shop.
 44221 | Vaults:5 | Entered Level 5 of the Vaults
 44223 | Vaults:5 | Noticed an ancient lich
 44227 | Vaults:5 | Noticed an ancient lich
 44237 | Vaults:5 | Killed an ancient lich
 44241 | Vaults:5 | Killed an ancient lich
 44269 | Vaults:5 | Noticed a dread lich
 44273 | Vaults:5 | Killed a dread lich
 44308 | Vaults:5 | Noticed an ancient lich
 44318 | Vaults:5 | Killed an ancient lich
 44568 | Vaults:5 | Identified the +7 whip of Imametay {speed, Str+2 Stlth+}
 44680 | Vaults:5 | Noticed an ancient lich
 44686 | Vaults:5 | Identified the amulet "Odofas" {Faith Str+4}
 44692 | Vaults:5 | Killed an ancient lich
 44829 | Vaults:5 | Identified the ring "Xabutirch" {rN+ Will+}
 44832 | Vaults:5 | Reached skill level 22 in Unarmed Combat
 44881 | Vaults:5 | Reached XP level 24. HP: 222/222 MP: 32/32
 45155 | Vaults:5 | Identified the +5 quarterstaff "Ereguoj" {holy, rElec rPois
                  | Dex+3}
 45191 | Vaults:5 | Got a silver rune of Zot
 45420 | Vaults:5 | Found the +11 plutonium sword {Contam Stlth-}
 45430 | Vaults:5 | Noticed an ancient lich
 45526 | Vaults:5 | Identified the cursed +2 hat "Lashed Together" {SInv, Fort,
                  | Cun} (You bought it in a shop on level 2 of the Orcish
                  | Mines)
 45586 | Vaults:5 | Killed an ancient lich
 46034 | Depths:1 | Entered Level 1 of the Depths
 46123 | Depths:1 | Noticed the Enchantress
 46128 | Depths:1 | Killed the Enchantress
 46281 | Depths:1 | Found a glowing golden altar of the Shining One.
 46425 | Depths:1 | Reached skill level 15 in Dodging
 46506 | Depths:1 | Identified the +9 hand axe "Nahiduivu" {holy, rElec}
 46592 | Depths:1 | Reached skill level 23 in Unarmed Combat
 46648 | Depths:1 | Found Fuuj's Jewellery Shop.
 46691 | Depths:1 | Found Xeav's Book Emporium.
 46691 | Depths:1 | Found Tufroq's Jewellery Shop.
 46914 | Depths:1 | Found a gateway to Hell.
 47081 | Depths:2 | Identified the +0 scale mail of the Equator {rF+}
 47126 | Depths:2 | Found Guen's Antique Armour Shoppe.
 47176 | Depths:4 | Entered Level 4 of the Depths
 47339 | Depths:4 | Found a gate to the Realm of Zot.
 47485 | Zot:1    | Entered Level 1 of the Realm of Zot
 47515 | Zot:1    | Reached skill level 24 in Unarmed Combat
 47557 | Zot:1    | Learned a level 5 spell: Silence
 47733 | Zot:1    | Found a glowing silver altar of Zin.
 47739 | Zot:1    | Reached skill level 1 in Air Magic
 47809 | Zot:1    | Reached skill level 1 in Hexes
 47892 | Zot:1    | Found a shimmering blue altar of Sif Muna.
 48187 | Zot:1    | Reached XP level 25. HP: 233/233 MP: 32/32
 48351 | Zot:2    | Noticed an orb of fire
 48492 | Zot:4    | Reached skill level 5 in Air Magic
 48554 | Zot:5    | Entered Level 5 of the Realm of Zot
 48771 | Zot:5    | Reached skill level 5 in Hexes
 49155 | Zot:5    | Noticed a dread lich
 49161 | Zot:5    | Killed a dread lich
 49166 | Zot:5    | Noticed a Killer Klown
 49185 | Zot:5    | Noticed a Killer Klown
 49194 | Zot:5    | Killed a Killer Klown
 49215 | Zot:5    | Killed a Killer Klown
 49241 | Zot:5    | Noticed an ancient lich
 49320 | Zot:5    | Killed an ancient lich
 49327 | Zot:5    | Noticed an orb of fire
 49331 | Zot:5    | Gained mutation: You are clumsy. (Dex -2) [an orb of fire]
 49341 | Zot:5    | Noticed an orb of fire
 49341 | Zot:5    | Gained mutation: Your body sometimes deteriorates upon
                  | taking damage. [an orb of fire]
 49346 | Zot:5    | Killed an orb of fire
 49492 | Zot:5    | Noticed an orb of fire
 49495 | Zot:5    | Gained mutation: You are weak. (Str -2) [an orb of fire]
 49496 | Zot:5    | Gained mutation: You are frail. (-10% HP) [an orb of fire]
 49496 | Zot:5    | Gained mutation: Your spells are a little easier to cast,
                  | but a little less powerful. [an orb of fire]
 49503 | Zot:5    | Gained mutation: Potions are less effective at restoring
                  | your health. [an orb of fire]
 49505 | Zot:5    | Gained mutation: You possess an exceptional clarity of
                  | mind. [an orb of fire]
 49509 | Zot:5    | Killed an orb of fire
 49510 | Zot:5    | Noticed a Killer Klown
 49530 | Zot:5    | Killed a Killer Klown
 49537 | Zot:5    | Gained mutation: You are very clumsy. (Dex -4) [an orb of
                  | fire]
 49538 | Zot:5    | Lost mutation: You are very clumsy. (Dex -4) [potion of
                  | mutation]
 49538 | Zot:5    | Lost mutation: Your mind is acute. (Int +4, Str/Dex -1)
                  | [potion of mutation]
 49538 | Zot:5    | Lost mutation: Your magical capacity is very low. (-20% MP)
                  | [potion of mutation]
 49538 | Zot:5    | Gained mutation: You have sharp fingernails. [potion of
                  | mutation]
 49538 | Zot:5    | Lost mutation: Your spells are a little easier to cast, but
                  | a little less powerful. [potion of mutation]
 49545 | Zot:5    | Killed an orb of fire
 49546 | Zot:5    | Lost mutation: Your body sometimes deteriorates upon taking
                  | damage. [potion of mutation]
 49546 | Zot:5    | Lost mutation: You possess an exceptional clarity of mind.
                  | [potion of mutation]
 49546 | Zot:5    | Lost mutation: You are weak. (Str -2) [potion of mutation]
 49546 | Zot:5    | Lost mutation: You have sharp fingernails. [potion of
                  | mutation]
 49546 | Zot:5    | Gained mutation: You have a pair of small horns on your
                  | head. [potion of mutation]
 49546 | Zot:5    | Lost mutation: You are clumsy. (Dex -2) [potion of
                  | mutation]
 49546 | Zot:5    | Gained mutation: You have a pair of horns on your head.
                  | [potion of mutation]
 49547 | Zot:5    | Lost mutation: Potions are less effective at restoring your
                  | health. [potion of mutation]
 49547 | Zot:5    | Lost mutation: You have a pair of horns on your head.
                  | [potion of mutation]
 49547 | Zot:5    | Lost mutation: You have a pair of small horns on your head.
                  | [potion of mutation]
 49547 | Zot:5    | Gained mutation: You occasionally shout uncontrollably at
                  | your foes. [potion of mutation]
 49548 | Zot:5    | Lost mutation: Your magical capacity is low. (-10% MP)
                  | [potion of mutation]
 49548 | Zot:5    | Lost mutation: You occasionally shout uncontrollably at
                  | your foes. [potion of mutation]
 49548 | Zot:5    | Lost mutation: You are frail. (-10% HP) [potion of
                  | mutation]
 49548 | Zot:5    | Gained mutation: Your magical capacity is low. (-10% MP)
                  | [potion of mutation]
 49548 | Zot:5    | Gained mutation: Your spells are a little easier to cast,
                  | but a little less powerful. [potion of mutation]
 49548 | Zot:5    | Gained mutation: Your magical capacity is very low. (-20%
                  | MP) [potion of mutation]
 49596 | Zot:5    | Gained mutation: You are resistant to electric shocks.
                  | (rElec) [a neqoxec]
 49657 | Zot:5    | Reached skill level 10 in Air Magic
 49685 | Zot:5    | Noticed a Killer Klown
 49700 | Zot:5    | Killed a Killer Klown
 49872 | Zot:5    | Got the Orb of Zot
 49994 | Depths:4 | Noticed a seraph
 50236 | D:10     | Noticed Nietrenn the pandemonium lord
 50456 | D:1      | Noticed Avon the pandemonium lord
 50509 | D:$      | Escaped with the Orb!

Illustrated notes

Levels and vault maps discovered:
D:1:      lightli_arrival_statue_moat, layout_basic, serial_shops, shop
D:2:      layout_loops_ring, shapermc_ecumenical_altar_totnotflames
D:3:      layout_rooms, mainiacjoe_overflow_small_starburst, chequers_big_river,
          minmay_door_square, uniq_pargi
D:4:      layout_gridville, nicolae_overflow_hallway_of_the_gods,
          temple_fountains, grunt_ministairs_6, chequers_serial_rivers_micro_d,
          sigmund_army
D:5:      layout_basic
D:6:      layout_loops_ring, nicolae_benzene_ring
D:7:      layout_gridville, serial_shops, nicolae_shop_advertising_works
          [nicolae_subvault_shop_adworks], enter_ossuary_1
D:8:      layout_basic, enter_bailey_1, kennysheep_cluttered_room,
          nicolae_figureground_pulse
D:9:      layout_long_grid, kennysheep_mini_moat, erik_orc_4,
          gammafunk_ghost_necromancy, serial_shops, nicolae_shop_hallway_stairs,
          nicolae_wwwww, uniq_erolcha
D:10:     minmay_sliced_demisemicircle, layout_rooms, serial_shops,
          nicolae_stop_n_shop_1, minmay_misc_feat_x, st_stairs_2
D:11:     layout_rooms, erik_lair_island, ebering_ghost_funeral_grove,
          uniq_josephine, uniq_psyche
D:12:     layout_cave_pods, gauntlet_entry_generic,
          chequers_serial_rivers_large_a, uniq_nessos
D:13:     layout_basic, minmay_ruined_shrine, uniq_frances, uniq_maurice,
          uniq_sonja
D:14:     layout_stronghold, david_vaults_4, minmay_misc_feat_diagonals,
          lemuel_zombie_altar_kikubaaqudgha, uniq_kirke, uniq_roxanne,
          uniq_snorg, uniq_agnes
D:15:     gammafunk_depths_entry_grave, layout_cross, grunt_decor_junction
Lair:1:   layout_cellular_growth, beast_lair_carwin_7, serial_bayou_shore_a,
          grunt_megastairs_1, serial_bayou_shore_b
Lair:2:   beast_lair_carwin_large_3, layout_long_grid,
          hellmonk_guarded_unrand_zhor
Lair:3:   layout_layer_cave, minmay_shoals_entry_hut,
          guppyfry_snake_entry_island, infiniplex_staircase_pool_2,
          uniq_nergalle
Lair:4:   dreamdust_isle_of_ice, layout_gridlike, dpeg_slime_entry_corner,
          ebering_ghost_xom, minmay_stone_trees_small, ice2_lemuel,
          lemuel_fruit_fields, lemuel_fruit_fields, infiniplex_staircase_pool
Lair:5:   minmay_lair_end_enchanted_forest, layout_regular_city, disabler_island
Shoals:1: layout_shoals, nicolae_shoals_lost_giant_pillars
Shoals:2: layout_shoals
Shoals:3: layout_shoals, nicolae_shoals_water_booths
Shoals:4: shoals_end_hellmonk_storm_palace [storm_palace_center_square,
          storm_palace_corner_reverse_hut, storm_palace_corner_altar,
          storm_palace_corner_pillars, storm_palace_corner_pillars],
          serial_shops
Snake:1:  layout_basic, nicolae_snake_dead_anacondas
Snake:2:  layout_onion, uniq_vashnia
Snake:3:  layout_misc_corridors, special_room, uniq_aizul
Snake:4:  grunt_snake_rune_serpentine_throne, layout_chambers, basic_altar,
          ebering_ghost_reflecting_pool, minmay_shop_star
Orc:1:    layout_caves, nicolae_orc_rockfall, guppyfry_library_mini
Orc:2:    st_orc_ogre_mass, layout_caves, lightli_volcano_entry_magma_tube,
          kennysheep_orc_sif_temple
Elf:1:    layout_gridlike, minmay_elf_crystal_heptagon, uniq_zenata
Elf:2:    nicolae_elf_blades_crystal_corner, layout_geoelf_octagon,
          lemuel_flamethrower_3, uniq_jorgrun
Elf:3:    elf_hall, layout_loops_corners, minivault_19, uniq_saint_roka
Vaults:1: ontoclasm_vaults_spin, grunt_vaults_hallway_long,
          hangedman_vaults_hard_town_square, vaults_dpeg_ring,
          vaults_dpeg_cross, hangedman_vaults_stream, hangedman_vaults_maws,
          nicolae_vaults_little_squares_5, nicolae_vaults_angled_halls,
          vaults_dpeg_hooks, nicolae_vaults_little_squares_6, vaults_room_fours,
          vaults_standard_mumra_x, layout_vaults_ring, uniq_nikola
Vaults:2: nicolae_vaults_what_the_h, v_misc_16, v_misc_10, st_cross,
          nicolae_vaults_network_quincunx
          [nicolae_vaults_network_quincunx_subvault,
          nicolae_vaults_network_quincunx_subvault,
          nicolae_vaults_network_quincunx_subvault,
          nicolae_vaults_network_quincunx_subvault,
          nicolae_vaults_network_quincunx_subvault], vaults_mumra_hex,
          vaults_mumra_chevron_long, v_misc_27, vaults_dpeg_spiral, v_misc_17,
          hangedman_vaults_nails, layout_vaults_maze_bifur, serial_shops,
          bzr_entry_water, uniq_bai_suzhen, uniq_mara
Vaults:3: v_misc_12, v_misc_5, st_smaller_cells, v_misc_11, v_rooms_4,
          nicolae_vaults_little_ls, minmay_crypt_entry_simple_statues,
          ontoclasm_vaults_fault, layout_vaults_quadrants
Vaults:4: ontoclasm_vaults_claustrophobia, dpeg_vaults_monster_row, v_misc_16,
          hangedman_vaults_corner, v_pattern_3, ontoclasm_vaults_shuriken,
          nicolae_vaults_little_squares_2, vaults_room_pools,
          vaults_dpeg_encased_lava, hangedman_vaults_snaps,
          hangedman_vaults_stretched_pinwheel, v_misc_1, hangedman_vaults_trim,
          layout_vaults_omnicross, serial_shops, nicolae_shop_window_shopping,
          uniq_donald
Vaults:5
Depths:1: layout_basic, serial_bayou_ford_a, pf_hell_entry_great_geh,
          tso_metal_star, minmay_shop_grove, uniq_enchantress
Depths:2: minmay_the_grid_triangle_9x9_recursive_3
          [minmay_the_grid_triangle_9x9_zippers_vertical,
          minmay_the_grid_triangle_9x9_intruding_spiral,
          minmay_the_grid_triangle_9x9_swiss_cheese,
          minmay_the_grid_triangle_9x9_prize_schism,
          minmay_the_grid_triangle_9x9_skeleton,
          minmay_the_grid_triangle_9x9_sprig,
          minmay_the_grid_triangle_9x9_limited_checkers,
          minmay_the_grid_triangle_9x9_impossible_snake,
          minmay_the_grid_triangle_9x9_wacky_v], layout_cave_pools,
          enter_ziggurat_f, grunt_pan_entry_in_and_out, serial_shops,
          nicolae_shop_hallway_plus, serial_rivers,
          chequers_serial_rivers_small_a, chequers_serial_rivers_micro_d,
          chequers_serial_rivers_room_b, chequers_serial_rivers_room_b,
          chequers_serial_rivers_marsh, grunt_mini_vestibule,
          nicolae_ru_awakened_eye, nicolae_stop_n_shop_1,
          minmay_staircase_windowed_small
Depths:3: minmay_guarded_unrand_guard, layout_long_grid, hell_entry,
          minmay_strange_pillars, abyss_entry, nicolae_triple_integral,
          infiniplex_staircase_9_rooms
Depths:4: grunt_twist_and_shout, layout_long_grid, hell_entry,
          hangedman_decor_points
Zot:1:    layout_gridlike, hangedman_feature_mirror, grunt_ministairs_10,
          st_stairs_6
Zot:2:    gammafunk_sealed_library, layout_concentric_octagons, zot_minivault_8
Zot:3:    dreamdust_zin_vs_xom, layout_basic, zot_minivault_7,
          grunt_megastairs_5, uniq_parghit
Zot:4:    layout_concentric_octagons, st_stairs_7, lemuel_lake_of_fire
Zot:5:    layout_gridlike

Skill      XL: |  1  2  3  4  5  6  7  8  9 10 11 12 13 14 15 16 17 18 19 20 21 22 23 24 25 |
---------------+----------------------------------------------------------------------------+-----
Stealth        | 2 7 |  7.0
Dodging        | 2 3 4 5 6 7 8 9 10 11 12 13 15 | 15.0
Unarmed Combat | 1 2 3 4 5 6 12 13 15 17 19 20 21 22 24 | 24.0
Ice Magic      | 5 6 7 9 10 | 10.3
Short Blades   | 2 3 |  3.8
Fighting       | 1 3 6 8 10 11 13 15 17 18 | 18.4
Evocations     | 3 5 |  5.0
Shields        | 3 6 7 9 13 15 16 17 | 17.0
Spellcasting   | 3 5 8 9 10 | 10.8
Transmutations | 1 7 11 13 14 15 16 | 16.7
Earth Magic    | 7 11 | 11.8
Air Magic      | 2 11 | 11.2
Hexes          | 2 9 |  9.4

Action                   |  1- 3 |  4- 6 |  7- 9 | 10-12 | 13-15 | 16-18 | 19-21 | 22-24 | 25-27 || total
-------------------------+-------+-------+-------+-------+-------+-------+-------+-------+-------++-------
Melee: Unarmed           |     8 |     7 |   303 |   554 |  1451 |  1436 |  1109 |  1213 |   313 ||  6394
       Short sword       |    23 |    75 |   166 |    78 |       |       |       |       |       ||   342
       Tailslap          |     7 |    12 |    82 |   102 |   290 |   254 |   227 |   307 |    70 ||  1351
       Punch             |       |     4 |    27 |    34 |    44 |    99 |    85 |   132 |    59 ||   484
       Bite              |       |       |       |       |       |   102 |    79 |   109 |    39 ||   329
 Cast: Freeze            |    41 |    59 |     5 |     2 |       |       |       |       |       ||   107
       Ozocubu's Armour  |       |     3 |     4 |    19 |    24 |     2 |       |       |       ||    52
       Frozen Ramparts   |       |       |     7 |    22 |    18 |       |       |       |       ||    47
       Blade Hands       |       |       |       |       |    29 |       |     4 |     2 |       ||    35
       Statue Form       |       |       |       |       |    12 |    18 |    14 |    15 |     3 ||    62
       Dragon Form       |       |       |       |       |       |    39 |    32 |    29 |    18 ||   118
       Silence           |       |       |       |       |       |       |       |       |     2 ||     2
Invok: Curse Item        |       |     2 |     1 |     1 |     4 |     1 |       |     3 |       ||    12
       Shatter the Chain |       |       |       |       |     1 |       |     3 |       |       ||     4
 Abil: Breathe Steam     |       |       |     6 |    12 |     4 |     9 |     9 |     3 |     9 ||    52
Evoke: Wand              |       |       |     1 |     5 |     8 |       |     6 |     2 |     9 ||    31
       Phial of floods   |       |       |       |       |     1 |       |       |       |       ||     1
  Use: Scroll            |       |     4 |       |     4 |    10 |     4 |     9 |     8 |     4 ||    43
       Potion            |       |       |       |     1 |     4 |     3 |     5 |     1 |     9 ||    23
 Stab: Sleeping          |     3 |     2 |     7 |     9 |    11 |     6 |     8 |    12 |     2 ||    60
       Invisible         |       |       |       |     1 |       |       |       |       |       ||     1
       Distracted        |       |       |       |       |     1 |     1 |       |     1 |       ||     3
Armor: Skin              |    20 |    65 |   170 |   160 |   567 |   472 |   376 |   340 |    80 ||  2250
Dodge: Dodged            |    39 |    96 |   493 |   619 |  1533 |  1037 |   585 |   735 |   155 ||  5292
Block: Kite shield       |       |       |       |   113 |   947 |   659 |     9 |       |       ||  1728
       Other             |       |       |       |       |     6 |    33 |    31 |    27 |     8 ||   105
       Tower shield      |       |       |       |       |       |       |   580 |   517 |    58 ||  1155
